 Dungeon Crawl Stone Soup version 0.21-a0-516-gaaff437 (webtiles) character file.

4676 4thArraOfDagon the Cleaver (level 10, 0/78 HPs)
             Began as a Minotaur Abyssal Knight on Dec 3, 2017.
             Was an Elder of Lugonu.
             Slain by an orc warrior
             ... wielding a +1 trident of protection
              (19 damage)
             ... on level 9 of the Dungeon.
             The game lasted 00:16:14 (3309 turns).

4thArraOfDagon the Cleaver (MiAK)                   Turns: 3309, Time: 00:16:15

Health: 0/78       AC: 15    Str: 17    XL:     10   Next: 21%
Magic:  8/15       EV:  5    Int: 12    God:    Lugonu [****..]
Gold:   131        SH:  0    Dex: 10    Spells: 9/9 levels left

rFire    . . .     SeeInvis .   t - +1 war axe (elec)
rCold    . . .     Gourm    .   (no shield)
rNeg     . . .     Faith    .   N - +0 plate armour
rPois    .         Spirit   .   (helmet restricted)
rElec    .         Reflect  .   (no cloak)
rCorr    .         Harm     .   k - +0 pair of gloves
MR       ++...                  (no boots)
Stlth    ..........             p - amulet of regeneration
HPRegen  1.03/turn              B - +3 ring of protection
MPRegen  0.14/turn              y - ring of protection from magic

@: about to teleport
A: retaliatory headbutt, horns 2, magic resistance 1, regeneration 1, no potion
heal 1, MP-powered wands
a: Depart the Abyss, Bend Space, Banish, Corrupt, Renounce Religion


You were on level 9 of the Dungeon.
You worshipped Lugonu.
Lugonu was greatly pleased with you.
You were full.

You visited 1 branch of the dungeon, and saw 9 of its levels.
You visited the Abyss 1 time.

You collected 461 gold pieces.
You spent 330 gold pieces at shops.

Inventory:

Hand Weapons
 a - a +1 hand axe
 e - a +2 war axe of chopping
 t - a +1 war axe of electrocution (weapon)
Armour
 b - a +0 leather armour
 d - a +0 ring mail
 f - a +0 chain mail
 k - a +0 pair of gloves (worn)
 N - a +0 plate armour (worn)
Jewellery
 p - an amulet of regeneration (around neck)
 r - a +5 amulet of reflection {unknown}
 u - an uncursed ring of positive energy
 y - a ring of protection from magic (right hand)
 B - a +3 ring of protection (left hand)
 G - the ring of Xecuuc {Fire SInv}
   (You found it on level 5 of the Dungeon)

   [ring of fire]

   It enhances your fire magic.
   It protects you from fire.
   It makes you vulnerable to cold.
   It lets you see invisible.
 H - an uncursed amulet of guardian spirit {unknown}
Wands
 w - a wand of digging (1)
 M - a wand of flame (24)
Scrolls
 g - 3 scrolls of teleportation
 h - 2 scrolls of enchant weapon {unknown}
 i - a scroll of fear {unknown}
 j - 4 scrolls of remove curse {unknown}
 l - 2 scrolls of magic mapping {unknown}
 n - a scroll of blinking {unknown}
 v - 6 scrolls of identify {unknown}
 D - a scroll of enchant armour {unknown}
 F - a scroll of amnesia {unknown}
 I - 2 scrolls of random uselessness {unknown}
 O - a scroll of noise {unknown}
Potions
 o - a potion of agility
 q - a potion of flight {unknown}
 s - 3 potions of curing
 x - 3 potions of brilliance
 z - 2 potions of invisibility {unknown}
 A - 2 potions of heal wounds
 C - a potion of might {unknown}
 E - a potion of ambrosia {unknown}
 J - a potion of haste
 K - a potion of lignification
 L - a potion of degeneration
Comestibles
 c - 4 bread rations
 m - 5 meat rations


   Skills:
 - Level 4.0 Fighting
 * Level 13.8 Axes
 - Level 3.3 Armour
 - Level 2.3 Dodging
 + Level 8.7 Invocations


You had 9 spell levels left.
You didn't know any spells.

Dungeon Overview and Level Annotations

Branches:
Dungeon (9/15)             Temple (0/1) D:7             Orc (0/2) D:9
   Lair: D:8-11

Altars:
Elyvilon
Makhleb
Nemelex Xobeh
Okawaru
Ru
Sif Muna
Uskayaw
Yredelemnul
Beogh

Shops:
D:7 !

Annotations:
D:5 Eustachio
D:9 corrupted, exclusion: orange crystal statue


Innate Abilities, Weirdness & Mutations

You reflexively headbutt those who attack you in melee.
You have a pair of horns on your head.
You are resistant to hostile enchantments. (MR+)
Your natural rate of healing is unusually fast.
Potions are less effective at restoring your health.
You expend magic power (3 MP) to strengthen your wands.


Message History

You slash the orc priest!
The orc priest is severely wounded.
You hit the orc warrior but do no damage.
The orc warrior hits you with a scimitar.
The orc warrior hits you from afar with a trident of protection.
Unknown command.
The orc priest calls upon Beogh to heal the orc warrior.
The orc warrior is healed somewhat.
Unknown command.
The orc priest calls down the wrath of Beogh upon you.
Beogh smites you!
Unknown command.
Unknown command.
Unknown command.
As you read the scroll labeled ALOUCA OREOPT, it crumbles to dust.
You feel strangely unstable.
It was a scroll of teleportation.
The orc warrior hits you with a scimitar!
* * * LOW HITPOINT WARNING * * *
The orc warrior hits you from afar with a trident of protection!!
You die...

.......>...............)......
.....................).....#.#
.............................# #.
...........................#.. #.
...............#..........##3.###
...............##...>...###...#.S
....##...........o.o.....##..3.#.
....##......##..o#8...8#.##..v...
....##..........@###†###.##.....#
######...........# oo.#..+.....x
#...##......))...# ...#.##.#...#
....##.....))....# _..#.##.....#
....##........#### .[.#.##...#..
....##........# ...#.........
....##........### ####..#.#....
.................. ##.#.#....
.................. ####....##...


You could see 2 orc warriors.

Vanquished Creatures
  A troll (D:9)
  Grinder (D:3)
  2 hippogriffs
  Sigmund (D:2)
  A hungry ghost (D:8)
  A sky beast (D:9)
  An orc warrior (D:9)
  An ice beast (D:5)
  A phantom (D:6)
  A black bear (D:8)
  An eye of draining (D:8)
  3 ogres
  4 centaurs
  3 bullfrogs
  5 scorpions
  4 howler monkeys
  A bullfrog zombie (D:8)
  3 hounds
  2 jellies
  2 bullfrog skeletons (D:6)
  8 orc priests
  2 centaur skeletons
  14 orc wizards
  2 iguanas
  5 worker ants
  Natasha (D:2)
  3 hound skeletons
  Robin (D:2)
  4 gnolls (D:6)
  11 adders
  3 shadow imps
  2 oozes
  2 adder skeletons
  6 worms
  2 dart slugs
  2 leopard geckos
  40 orcs
  6 bats
  8 giant cockroaches
  12 hobgoblins
  15 jackals
  4 quokkas
  5 frilled lizards
  14 goblins
  A jackal zombie (D:8)
  4 kobolds
  A leopard gecko skeleton (D:5)
  A leopard gecko zombie (D:5)
  4 rats
222 creatures vanquished.

Vanquished Creatures (others)
  A two-headed ogre (D:9)
  An orange crystal statue (D:9)
  An ogre (D:9)
  2 orc warriors (D:7)
  An ice beast (D:9)
  A bullfrog (D:9)
  An adder (D:9)
  A shadow imp (D:9)
  2 starspawn tentacles (D:9)
11 creatures vanquished.

Grand Total: 233 creatures vanquished

Notes
Turn   | Place    | Note
-------+----------+-------------------------------------------
     0 | Abyss:1  | 4thArraOfDagon the Minotaur Abyssal Knight began the quest for the Orb.
     0 | Abyss:1  | Reached XP level 1. HP: 19/19 MP: 1/1
    33 | Abyss:1  | Noticed a small abomination
    39 | Abyss:1  | jacquesderrida: Da
    67 | Abyss:1  | Noticed a deep elf demonologist
    70 | Abyss:1  | Noticed a small abomination
   116 | Abyss:2  | jacquesderrida: Hax
   119 | Abyss:2  | Noticed a thrashing horror
   129 | Abyss:3  | jacquesderrida: +2 chop axe in 100
   132 | Abyss:3  | Noticed a thrashing horror
   132 | Abyss:3  | ReniFell: nah
   132 | D:1      | Escaped the Abyss
   152 | D:1      | tidbits: no rune?
   171 | D:1      | ReniFell: rofl
   199 | D:1      | Reached XP level 2. HP: 6/27 MP: 2/2
   292 | D:1      | Reached * piety under Lugonu
   321 | D:1      | Reached skill level 3 in Axes
   443 | D:2      | Reached XP level 3. HP: 26/33 MP: 3/3
   601 | D:2      | Reached XP level 4. HP: 40/40 MP: 4/4
   678 | D:2      | Noticed Natasha
   686 | D:2      | Killed Natasha
   696 | D:2      | Reached ** piety under Lugonu
   717 | D:2      | Noticed Robin
   718 | D:2      | Reached skill level 4 in Axes
   728 | D:2      | Killed Robin
   855 | D:3      | Reached XP level 5. HP: 42/46 MP: 6/6
   892 | D:3      | Found a sparkling altar of Nemelex Xobeh.
   982 | D:3      | Noticed Grinder
  1020 | D:3      | Reached skill level 5 in Axes
  1044 | D:3      | Found a hide-covered altar of Uskayaw.
  1072 | D:3      | Reached *** piety under Lugonu
  1076 | D:3      | tidbits: dat axe
  1153 | D:3      | tidbits: add sw and every1 just disappears
  1179 | D:3      | Paralysed by Grinder for 6 turns
  1190 | D:3      | Paralysed by Grinder for 7 turns
  1221 | D:2      | Noticed Sigmund
  1237 | D:2      | Killed Sigmund
  1237 | D:2      | Reached skill level 6 in Axes
  1237 | D:2      | Reached XP level 6. HP: 48/52 MP: 7/7
  1272 | D:3      | Killed Grinder
  1272 | D:3      | Reached skill level 7 in Axes
  1272 | D:3      | Reached XP level 7. HP: 50/59 MP: 7/9
  1395 | D:4      | Reached skill level 8 in Axes
  1553 | D:4      | Reached skill level 5 in Invocations
  1649 | D:5      | Entered Level 5 of the Dungeon
  1667 | D:5      | Reached XP level 8. HP: 66/66 MP: 10/10
  1676 | D:5      | Reached skill level 9 in Axes
  1679 | D:5      | Reached **** piety under Lugonu
  1880 | D:5      | Noticed Eustachio
  1884 | D:5      | Reached skill level 10 in Axes
  1984 | D:5      | Found an iron altar of Okawaru.
  2025 | D:5      | Got a wavering amber ring
  2027 | D:5      | Identified the ring of Xecuuc {Fire SInv} (You found it on level 5 of the Dungeon)
  2206 | D:6      | Reached skill level 11 in Axes
  2257 | D:6      | Reached XP level 9. HP: 71/71 MP: 13/13
  2544 | D:7      | Found a staircase to the Ecumenical Temple.
  2607 | D:8      | Reached skill level 12 in Axes
  2664 | D:8      | Found a deep blue altar of Sif Muna.
  2711 | D:7      | Found Oviaxto's Distillery.
  2776 | D:7      | Bought a potion of heal wounds for 75 gold pieces
  2776 | D:7      | Bought a potion of haste for 150 gold pieces
  2776 | D:7      | Bought a potion of curing for 45 gold pieces
  2776 | D:7      | Bought a potion of lignification for 45 gold pieces
  2776 | D:7      | Bought a potion of degeneration for 15 gold pieces
  2895 | D:8      | Reached skill level 13 in Axes
  2900 | D:8      | Reached ***** piety under Lugonu
  2924 | D:8      | Found a burning altar of Makhleb.
  2924 | D:8      | Found a basalt altar of Yredelemnul.
  2926 | D:8      | Found a sacrificial altar of Ru.
  3017 | D:9      | Found a staircase to the Orcish Mines.
  3017 | D:9      | Noticed a troll
  3025 | D:9      | Killed a troll
  3025 | D:9      | Reached XP level 10. HP: 63/78 MP: 12/15
  3068 | D:9      | Noticed a two-headed ogre
  3069 | D:9      | Banished a two-headed ogre
  3076 | D:9      | Gained mutation: Your natural rate of healing is unusually fast. [mutagenic meat]
  3077 | D:9      | Gained mutation: Potions are less effective at restoring your health. [mutagenic meat]
  3078 | D:9      | Gained mutation: You are resistant to hostile enchantments. (MR+) [mutagenic meat]
  3079 | D:9      | Gained mutation: You expend magic power (3 MP) to strengthen your wands. [mutagenic meat]
  3117 | D:9      | Noticed an orange crystal statue
  3118 | D:9      | Noticed a two-headed ogre
  3138 | D:9      | Corrupted D:9
  3138 | D:9      | Noticed a thrashing horror
  3138 | D:9      | Noticed a bone dragon
  3138 | D:9      | Noticed a reaper
  3138 | D:9      | Noticed an orange demon
  3138 | D:9      | Noticed a tentacled starspawn
  3138 | D:9      | Noticed a glowing orange brain
  3138 | D:9      | Noticed a purple very ugly thing
  3138 | D:9      | Noticed a thrashing horror
  3138 | D:9      | Noticed a tentacled starspawn
  3138 | D:9      | Noticed a vampire mage
  3138 | D:9      | Noticed a guardian serpent
  3138 | D:9      | Noticed a tentacled starspawn
  3138 | D:9      | Noticed a white draconian
  3141 | D:9      | Noticed a sixfirhy
  3142 | D:9      | Killed an orange crystal statue
  3150 | D:9      | jacquesderrida: Dam son
  3154 | D:9      | Noticed a smoke demon
  3243 | D:9      | ReniFell: 2 jeks wtf
  3259 | D:9      | Found a white marble altar of Elyvilon.
  3296 | D:9      | Found a roughly hewn altar of Beogh.
  3309 | D:9      | jacquesderrida: Билайн шалит, хехе
  3309 | D:9      | Slain by an orc warrior

Vault maps used:
D:1:      minmay_arrival_five_plusses, fountainhead
D:2:      uniq_natasha, uniq_robin, uniq_sigmund, uniq_terence
D:3:      eat_drink_and_be_merry_uskayaw, nemelex_xobeh_ov_fountains_minmay,
          first_bread, uniq_grinder
D:5:      okawaru_trees_2, uniq_eustachio
D:6:      cheibrodos_helix_gallery, sigmund_army
D:7:      temple_hall, serial_shops, shop_coins
D:8:      kennysheep_mini, grunt_temple_overflow_open, grunt_livestock
D:9:      kennysheep_little_box, minmay_orc_entry_temple_small,
          kennysheep_small_spiral, small_statue_alley_b, minivault_16
Abyss:1:  hangedman_elemental_corridor, hangedman_abyss_or_decor_clamps
Abyss:3:  hangedman_abyss_theft, evilmike_abyss_exit_plants

Skill      XL: |  1  2  3  4  5  6  7  8  9 |
---------------+----------------------------+-----
Invocations    | 2 3 4 5 6 8 |  8.7
Axes           | 3 4 6 7 8 11 13 | 13.8
Fighting       | 4 |  4.0
Armour         | 3 |  3.3
Dodging        | 2 |  2.3

Action                   |  1- 3 |  4- 6 |  7- 9 | 10-12 || total
-------------------------+-------+-------+-------+-------++-------
Melee: War axe           |    61 |   116 |   289 |    29 ||   495
       Headbutt          |     7 |    13 |    35 |     3 ||    58
Invok: Depart the Abyss  |     1 |       |       |       ||     1
       Banish            |       |       |     2 |     3 ||     5
       Corrupt           |       |       |       |     1 ||     1
  Use: Potion            |       |     2 |       |       ||     2
       Scroll            |       |       |       |     1 ||     1
  Eat: Fruit             |       |     3 |     4 |     4 ||    11
       Chunk             |       |       |     3 |     4 ||     7
       Bread ration      |       |       |     1 |       ||     1
       Royal jelly       |       |       |       |     1 ||     1
Armor: Leather armour    |     5 |       |       |       ||     5
       Chain mail        |    30 |    51 |   182 |    11 ||   274
       Plate armour      |       |       |       |    13 ||    13
Dodge: Dodged            |    20 |    44 |    98 |     4 ||   166

Table legend:
 A = Spawn XP
 B = Non-spawn XP
 C = Spawn XP percentage of total XP
 D = Spawn monster count
 E = Non-spawn monster count
 F = Spawn count percentage of total count
 G = Total turns spent on level
                    A         B        C        D         E        F      G
               +---------+---------+-------+---------+---------+-------+---------
         Total |       0 |    6680 |   0.0 |       0 |     225 |   0.0 |  3309
               +---------+---------+-------+---------+---------+-------+---------
           D:1 |       0 |      31 |   0.0 |       0 |      14 |   0.0 |   341
           D:2 |       0 |     354 |   0.0 |       0 |      41 |   0.0 |   383
           D:3 |       0 |     402 |   0.0 |       0 |      31 |   0.0 |   454
           D:4 |       0 |     558 |   0.0 |       0 |      27 |   0.0 |   339
           D:5 |       0 |     847 |   0.0 |       0 |      25 |   0.0 |   357
           D:6 |       0 |     752 |   0.0 |       0 |      21 |   0.0 |   356
           D:7 |       0 |     856 |   0.0 |       0 |      19 |   0.0 |   398
           D:8 |       0 |    1634 |   0.0 |       0 |      32 |   0.0 |   248
           D:9 |       0 |    1246 |   0.0 |       0 |      15 |   0.0 |   301
               +---------+---------+-------+---------+---------+-------+---------
